 Dungeon Crawl Stone Soup version 0.25-a0-413-g3b4b6a4ccc (webtiles) character file.

Game seed: 5317436935548481935, levelgen mode: deterministic

108 Borgoz the Skirmisher (level 4, -4/43 HPs)
             Began as a Gargoyle Berserker on Jan 17, 2020.
             Was a Believer of Trog.
             Slain by an ogre
             ... wielding a +0 giant club
              (16 damage)
             ... on level 4 of the Dungeon.
             The game lasted 00:02:44 (2783 turns).

Borgoz the Skirmisher (Gargoyle Berserker)          Turns: 2783, Time: 00:02:44

Health: -4/43      AC:  9    Str: 26    XL:     4   Next: 87%
Magic:  4/4        EV: 11    Int:  8    God:    Trog [**....]
Gold:   166        SH:  0    Dex:  9    Spells: 3/3 levels left

rFire    . . .     SeeInvis .   l - +0 flail
rCold    . . .     Gourm    .   (no shield)
rNeg     + + .     Faith    .   k - -2 scale mail (curse)
rPois    ∞         Spirit   .   g - +0 helmet
rElec    +         Reflect  .   (no cloak)
rCorr    .         Harm     .   (no gloves)
MR       .....                  (no boots)
Stlth    ..........             (no amulet)
HPRegen  0.14/turn              h - ring of positive energy
MPRegen  0.09/turn              (no ring)

@: berserking, very quick
A: negative energy resistance 1, electricity resistance, unbreathing,
petrification resistance, rot immunity, AC +3
a: Berserk, Trog's Hand, Renounce Religion


You were on level 4 of the Dungeon.
You worshipped Trog.
Trog was pleased with you.
You were hungry.

You visited 1 branch of the dungeon, and saw 4 of its levels.

You collected 166 gold pieces.

Inventory:

Hand Weapons
 l - a +0 flail (weapon)
Armour
 g - a +0 helmet (worn)
 k - a cursed -2 scale mail (worn)
 m - a +0 scale mail
Jewellery
 b - a +5 amulet of reflection
 h - a ring of positive energy (left hand)
 r - a cursed amulet of rage {unknown}
Scrolls
 j - a scroll of teleportation
 n - a scroll of fear {unknown}
 o - a scroll of immolation {unknown}
 p - a scroll of enchant armour {unknown}
Potions
 a - 2 potions of curing {unknown}
 d - a potion of might
 e - a potion of brilliance {unknown}
 f - 2 potions of heal wounds
 q - a potion of mutation {unknown}
 s - a potion of lignification {unknown}
Comestibles
 c - 11 rations
 i - 11 chunks of flesh


   Skills:
 + Level 3.9 Fighting
 * Level 3.9 Maces & Flails
 + Level 2.9 Armour
 * Level 2.6 Dodging


You had 3 spell levels left.
You didn't know any spells.
Your spell library was empty.

Dungeon Overview and Level Annotations

Branches:
Dungeon (4/15)
 Temple: D:4-7

Altars:
Dithmenos
Fedhas
Uskayaw
The Shining One


Innate Abilities, Weirdness & Mutations

You are resistant to torment.
Your stone body is resilient. (AC +3)
You are immune to poison.
You resist negative energy. (rN+)
You are resistant to electric shocks. (rElec)
You can survive without breathing.
You are immune to petrification.
You are immune to rotting.


Message History

The adder bites you but does no damage.
You closely miss the adder.
The adder is moderately wounded.
The adder barely misses you. The adder bites you but does no damage.
You closely miss the adder.
The adder is moderately wounded.
The adder closely misses you. The ogre hits you with a +0 giant club!
You are too injured to fight recklessly!
You are too injured to fight recklessly!
A red film seems to cover your vision as you go berserk!
You feel yourself moving faster!
You feel mighty!
You are feeling hungry.
The adder barely misses you. The adder closely misses you.
The ogre hits you with a +0 giant club!
* * * LOW HITPOINT WARNING * * *
You barely miss the ogre. The adder closely misses you.
You sock the ogre!
The ogre is heavily wounded.
The ogre hits you with a +0 giant club!
You die...

##.#..# ....## ..#..#
..#..# ....# #.#.. ....
#...# #...# #... ...#
#...####...+ >.#
#..##..##..#####S###
#..##..##.......@O.#
#)##....##.........#
#)##....##.........'..
#.#......#..).....(#$...
#.#..##..#...).)...# ...
....####....)......# ..
...## ####........# .
#### #........#
#........#


You could see an ogre and an adder.

Vanquished Creatures
  3 adders
  An ooze (D:2)
  3 worms
  A dart slug (D:2)
  8 orcs
  5 giant cockroaches
  4 hobgoblins
  2 jackals (D:1)
  5 kobolds
  10 bats
  3 frilled lizards
  8 goblins
  7 rats
60 creatures vanquished.

Notes
Turn   | Place    | Note
-------+----------+-------------------------------------------
     0 | D:1      | Borgoz the Gargoyle Berserker began the quest for the Orb.
     0 | D:1      | Reached XP level 1. HP: 14/14 MP: 1/1
   261 | D:1      | Reached XP level 2. HP: 13/19 MP: 2/2
   654 | D:1      | Reached ** piety under Trog
  1223 | D:2      | Reached XP level 3. HP: 23/23 MP: 3/3
  1990 | D:2      | Found a shadowy altar of Dithmenos.
  2247 | D:3      | Reached XP level 4. HP: 29/29 MP: 4/4
  2499 | D:3      | Found a blossoming altar of Fedhas.
  2606 | D:3      | Found a hide-covered altar of Uskayaw.
  2642 | D:3      | Found a glowing golden altar of the Shining One.
  2778 | D:4      | Noticed an ogre
  2783 | D:4      | Slain by an ogre

Levels and vault maps discovered:
D:1:      matt_arrival_refuge, layout_basic
D:2:      layout_loops_cross, grunt_dithmenos_smoke_and_mirrors,
          guppyfry_early_lair_pool
D:3:      layout_basic, eat_drink_and_be_merry_uskayaw, fedhas_altar_3,
          tso_altar, first_ration
D:4:      layout_basic, lemuel_doored_altar, minmay_temple_entry_mist,
          minmay_misc_feat_x

Skill      XL: |  1  2 |
---------------+-------+-----
Dodging        | 2 |  2.6
Fighting       | |  3.9
Maces & Flails | |  3.9
Armour         | |  2.9

Action                   |  1- 3 |  4- 6 || total
-------------------------+-------+-------++-------
Melee: Mace              |   121 |    11 ||   132
       Flail             |       |    43 ||    43
Invok: Berserk           |     1 |     2 ||     3
  Use: Scroll            |     4 |     2 ||     6
 Stab: Sleeping          |     1 |       ||     1
  Eat: Chunk             |     5 |     3 ||     8
Armor: Animal skin       |    42 |       ||    42
       Scale mail        |    32 |    18 ||    50
Dodge: Dodged            |   117 |    42 ||   159

Table legend:
 A = Non-vault XP
 B = Vault XP
 C = Vault XP percentage of total XP
 D = Non-vault monster count
 E = Vault monster count
 F = Vault count percentage of total count
                 A         B        C        D         E       F
            +---------+---------+-------+---------+---------+-------
      Total |     155 |       0 |   0.0 |      60 |       0 |   0.0
            +---------+---------+-------+---------+---------+-------
        D:1 |      32 |       0 |   0.0 |      22 |       0 |   0.0
        D:2 |      47 |       0 |   0.0 |      17 |       0 |   0.0
        D:3 |      55 |       0 |   0.0 |      14 |       0 |   0.0
        D:4 |      21 |       0 |   0.0 |       7 |       0 |   0.0
            +---------+---------+-------+---------+---------+-------
